Map: Buried Caverns

Players

maru

  • Race: Protoss Protoss
  • Spawn Location: 3:00

OpiumPoppy

  • Race: Protoss Protoss
  • Spawn Location: 3:00

ProjectPPP

  • Race: Zerg Zerg
  • Spawn Location: 5:00

Alebay

  • Race: Protoss Protoss
  • Spawn Location: 9:00

PiPuxD

  • Race: Terran Terran
  • League: Gold
  • Spawn Location: 7:00

MattBarry

  • Race: Zerg Zerg
  • League: Gold
  • Spawn Location: 9:00

VOD

Have the link to the VOD?

Description

Time

  • Played on: Jan. 29, 2023, 3:45 a.m.
  • Length: 20:03
Show
View Real Time Build Order
Export as new Build Order

maru Protoss 

Build Orders: Double Forge 

Get SALT Encoding   

  12  0:01  Probe  
  13  0:13  Probe  
  14  0:25  Probe  
  15  0:30  Pylon  
  15  0:48  Probe (Chrono Boost)  
  17  0:57  Probe (Chrono Boost)  
  17  1:02  Probe (Chrono Boost)  
  17  1:06  Nexus  
  18  1:14  Probe  
  19  1:21  Assimilator  
  19  1:26  Assimilator  
  19  1:27  Probe  
  20  1:37  Gateway  
  20  1:39  Probe  
  21  1:42  Pylon  
  21  1:51  Probe (Chrono Boost)  
  22  2:00  Probe (Chrono Boost)  
  23  2:05  Probe (Chrono Boost)  
  24  2:17  Probe  
  24  2:19  Probe  
  26  2:32  Probe  
  26  2:43  Cybernetics Core  
  26  2:46  Pylon  
  26  2:49  Forge  
  26  2:51  Forge  
  26  3:01  Probe (Chrono Boost)  
  28  3:10  Probe (Chrono Boost)  
  28  3:11  Probe (Chrono Boost)  
  29  3:15  Probe (Chrono Boost)  
  29  3:16  Probe (Chrono Boost)  
  31  3:21  Warp Gate  
  31  3:23  Protoss Ground Weapons Level 1, Nexus  
  31  3:25  Protoss Ground Armor Level 1  
  31  3:31  Pylon  
  31  3:34  Probe  
  32  3:45  Shield Battery  
  33  3:49  Twilight Council  
  33  3:50  Probe x2 (Chrono Boost)  
  34  4:00  Probe (Chrono Boost)  
  34  4:01  Assimilator  
  34  4:02  Probe (Chrono Boost)  
  36  4:05  Pylon  
  36  4:11  Assimilator, Probe (Chrono Boost)  
  36  4:15  Shield Battery  
  37  4:18  Shield Battery  
  37  4:20  Probe (Chrono Boost)  
  38  4:26  Photon Cannon  
  38  4:27  Probe (Chrono Boost)  
  38  4:29  Blink  
  39  4:31  Probe (Chrono Boost)  
  41  4:41  Probe (Chrono Boost)  
  41  4:42  Probe (Chrono Boost)  
  43  4:45  Probe (Chrono Boost)  
  43  4:47  Probe  
  43  4:49  Probe  
  45  4:56  Probe  
  45  4:59  Probe  
  47  5:00  Gateway  
  47  5:01  Probe  
  47  5:06  Gateway  
  48  5:08  Pylon  
  48  5:10  Probe (Chrono Boost)  
  48  5:11  Assimilator  
  49  5:15  Probe (Chrono Boost)  
  51  5:24  Gateway  
  51  5:25  Probe (Chrono Boost)  
  51  5:26  Probe (Chrono Boost)  
  51  5:27  Gateway  
  52  5:28  Dark Shrine  
  52  5:30  Probe (Chrono Boost)  
  52  5:31  Pylon  
  52  5:34  Protoss Ground Weapons Level 2  
  53  5:38  Protoss Ground Armor Level 2  
  53  5:43  Pylon  
  53  5:46  Pylon  
  53  5:50  Gateway  
  53  5:52  Gateway  
  53  5:55  Probe  
  54  6:02  Photon Cannon  
  54  6:05  Pylon  
  54  6:08  Probe (Chrono Boost)  
  54  6:11  Assimilator  
  55  6:15  Gateway x2  
  55  6:16  Pylon  
  55  6:17  Probe (Chrono Boost)  
  56  6:21  Gateway  
  56  6:22  Pylon, Probe (Chrono Boost)  
  57  6:30  Charge  
  57  6:32  Gateway  
  57  6:35  Gateway  
  57  6:42  Dark Templar x2  
  57  6:43  Dark Templar  
  57  6:47  Dark Templar  
  65  7:04  Shield Battery  
  65  7:08  Photon Cannon  
  65  7:17  Probe  
  66  7:27  Stalker  
  66  7:28  Stalker x5  
  66  7:29  Stalker  
  81  7:30  Probe  
  81  7:42  Shadow Stride, Probe  
  81  7:44  Nexus  
  82  7:47  Pylon  
  82  7:50  Pylon  
  82  7:51  Stalker x4  
  84  7:52  Stalker  
  92  8:13  Shield Battery  
  92  8:15  Shield Battery  
  92  8:37  Zealot x4  
  92  8:38  Zealot x3  
  92  8:39  Zealot x4  
  114  8:43  Photon Cannon  
  114  8:48  Robotics Facility  
  114  8:49  Shield Battery  
  114  8:52  Shield Battery  
  114  8:55  Probe  
  114  8:56  Shield Battery  
  114  8:58  Stalker x3  
  114  8:59  Stalker  
  123  9:08  Probe (Chrono Boost)  
  123  9:09  Gateway  
  124  9:10  Pylon  
  124  9:12  Assimilator  
  124  9:17  Stalker x3  
  124  9:19  Stalker  
  124  9:20  Probe (Chrono Boost)  
  133  9:26  Probe (Chrono Boost)  
  133  9:28  Stalker  
  133  9:29  Stalker x2  
  140  9:31  Zealot  
  140  9:34  Probe  
  140  9:37  Observer  
  144  9:46  Probe  
  141  9:58  Observer  
  130  10:15  Stalker x3  
  130  10:16  Stalker x5  
  130  10:17  Stalker x4  
  130  10:18  Stalker  
  156  10:21  Probe  
  156  10:25  Assimilator  
  157  10:29  Photon Cannon  
  157  10:33  Probe  
  157  10:34  Shield Battery  
  158  10:36  Photon Cannon  
  158  10:42  Photon Cannon  
  158  10:44  Photon Cannon  
  158  10:46  Probe (Chrono Boost)  
  159  10:52  Stalker x2  
  159  10:53  Stalker x2  
  159  10:57  Probe (Chrono Boost)  
  168  11:01  Probe (Chrono Boost)  
  168  11:02  Shield Battery  
  169  11:05  Photon Cannon  
  169  11:12  Shield Battery  
  169  11:20  Stalker x3  
  169  11:21  Stalker x2  
  67  12:09  Stalker x4  
  67  12:10  Stalker x6  
  67  12:11  Stalker x3  
  93  12:25  Shield Battery  
  93  12:26  Pylon  
  93  12:28  Shield Battery  
  93  12:32  Pylon  
  93  12:35  Shield Battery  
  93  12:37  Shield Battery  
  93  12:39  Pylon  
  93  12:42  Stalker x5  
  93  12:43  Stalker x4  
  93  12:44  Stalker x2  
  115  12:56  Stalker x2  
  119  13:02  Observer  
  120  13:08  Stalker  
  120  13:09  Stalker x4  
  120  13:10  Stalker  
  132  13:14  Protoss Ground Weapons Level 3  
  132  13:19  Protoss Ground Armor Level 3  
  132  13:23  Observer  
  133  13:27  Stalker x2  
  137  13:36  Stalker x3  
  127  14:04  Dark Templar  
  127  14:05  Dark Templar x5  
  127  14:06  Dark Templar x2  
  127  14:07  Dark Templar  
  141  14:12  Dark Templar  
  143  14:23  Dark Templar  
  143  14:24  Dark Templar x2  
  67  16:09  Zealot x5  
  67  16:10  Zealot x6  
  67  16:11  Zealot x2  
  93  16:20  Protoss Shields Level 1  
  93  16:30  Zealot  
  93  16:31  Zealot x6  
  107  16:33  Zealot  
  107  16:34  Zealot x5  
  107  16:37  Observer  
  120  16:52  Stalker x3  
  120  16:54  Stalker x5  
  128  16:55  Stalker x5  
  128  16:59  Observer  
  147  17:16  Stalker x3  
  147  17:17  Stalker x2  
  147  17:18  Stalker x2  
  147  17:19  Stalker x4  
  134  17:36  Stalker x2  
  122  17:41  Stalker  
  122  17:42  Stalker x5  
  122  17:43  Stalker x5  
  133  18:12  Stalker x3  
  137  18:13  Stalker x5  
  137  18:14  Stalker x3  
  155  18:37  Zealot x4  
  155  18:38  Zealot x3  
  140  19:17  Zealot x4  
  140  19:18  Zealot x5  
  140  19:19  Zealot x2  
  158  19:32  Stalker x2  
Show
View Real Time Build Order
Export as new Build Order

OpiumPoppy Protoss 

Build Orders:  

Get SALT Encoding   

  12  0:01  Probe  
  13  0:13  Probe  
  14  0:18  Pylon  
  14  0:25  Probe  
  15  0:40  Gateway  
  15  0:42  Assimilator  
  15  0:45  Probe  
  16  0:57  Probe (Chrono Boost)  
  17  1:09  Probe (Chrono Boost)  
  18  1:15  Probe (Chrono Boost)  
  19  1:23  Probe  
  20  1:29  Cybernetics Core  
  20  1:32  Gateway  
  20  1:35  Probe  
  20  1:37  Pylon  
  21  1:40  Assimilator  
  21  1:47  Probe  
  22  2:00  Probe  
  23  2:09  Twilight Council  
  23  2:12  Probe  
  24  2:19  Forge  
  24  2:22  Warp Gate  
  24  2:24  Zealot (Chrono Boost), Probe  
  24  2:27  Zealot (Chrono Boost)  
  29  2:45  Charge (Chrono Boost)  
  29  2:48  Zealot (Chrono Boost)  
  31  3:02  Pylon  
  31  3:09  Photon Cannon  
  31  3:20  Zealot  
  33  3:54  Robotics Facility, Nexus  
  33  3:55  Zealot  
  35  3:56  Zealot  
  35  4:02  Probe  
  38  4:14  Probe  
  39  4:22  Pylon  
  39  4:25  Pylon  
  39  4:40  Probe  
  39  4:43  Warp Prism  
  42  4:47  Photon Cannon  
  42  4:52  Probe  
  43  4:58  Zealot x2  
  47  5:03  Protoss Ground Weapons Level 1  
  47  5:04  Probe  
  44  5:16  Probe  
  37  5:22  Probe  
  38  5:28  Probe  
  38  5:35  Probe  
  40  5:39  Gateway  
  40  5:41  Probe  
  41  5:47  Probe  
  42  5:50  Photon Cannon  
  42  5:53  Assimilator, Probe  
  43  5:58  Assimilator  
  43  5:59  Probe  
  44  6:05  Probe  
  43  6:19  Zealot x2  
  47  6:46  Gateway  
  47  6:47  Gateway  
  47  6:51  Gateway, Probe  
  47  6:52  Probe  
  43  7:00  Nexus  
  43  7:01  Zealot  
  43  7:02  Zealot x2  
  43  7:03  Probe  
  43  7:04  Probe  
  51  7:15  Probe  
  51  7:16  Probe  
  53  7:27  Probe  
  53  7:28  Zealot x2, Probe  
  53  7:29  Zealot  
  61  7:40  Probe x2  
  61  7:43  Zealot x2  
  51  7:53  Probe x2  
  53  8:05  Probe x2  
  55  8:07  Protoss Shields Level 1  
  55  8:14  Forge  
  55  8:15  Robotics Bay  
  55  8:17  Probe x2  
  55  8:19  Pylon  
  57  8:20  Blink  
  57  8:21  Pylon  
  57  8:23  Pylon  
  57  8:29  Probe x2  
  59  8:35  Assimilator  
  59  8:37  Stalker  
  59  8:38  Stalker  
  59  8:40  Stalker, Assimilator  
  65  8:41  Probe x2  
  65  8:42  Pylon  
  65  8:44  Pylon, Stalker  
  65  8:46  Pylon  
  65  8:47  Protoss Ground Armor Level 1  
  69  8:53  Observer  
  70  9:20  Probe x3  
  73  9:32  Stalker, Probe x3  
  73  9:33  Stalker x5  
  88  9:44  Probe  
  89  9:49  Dark Shrine  
  89  9:52  Colossus  
  95  9:57  Extended Thermal Lance  
  95  10:03  Stalker x3  
  95  10:04  Stalker x3  
  107  10:30  Gateway  
  107  10:31  Gateway  
  107  10:33  Gateway  
  107  10:36  Photon Cannon, Gateway  
  107  10:39  Photon Cannon x2  
  107  10:56  Protoss Ground Weapons Level 2 (Chrono Boost)  
  107  10:57  Protoss Shields Level 2 (Chrono Boost)  
  107  11:00  Robotics Facility  
  107  11:02  Robotics Facility  
  107  11:05  Colossus  
  113  11:23  Nexus  
  113  11:27  Pylon x2  
  113  11:29  Pylon  
  113  11:37  Gravitic Boosters, Stalker  
  113  11:38  Stalker x4  
  123  11:40  Dark Templar x2  
  123  11:41  Dark Templar x3  
  123  11:45  Archon x2  
  133  12:07  Colossus x2  
  133  12:08  Colossus  
  110  12:34  Gravitic Drive  
  110  12:37  Zealot  
  110  12:38  Zealot x5  
  122  13:01  Immortal, Probe  
  122  13:02  Immortal x2  
  135  13:10  Protoss Shields Level 3 (Chrono Boost)  
  135  13:13  Probe  
  135  13:14  Protoss Ground Armor Level 2 (Chrono Boost)  
  136  13:25  Probe  
  137  13:37  Probe  
  138  13:49  Immortal x2, Probe  
  138  13:50  Immortal  
  151  13:57  Dark Templar x2  
  151  13:58  Dark Templar x6  
  151  13:59  Dark Templar x2  
  151  14:01  Probe  
  151  14:02  Archon  
  172  14:03  Archon x4  
  172  14:26  Pylon  
  172  14:27  Pylon x2  
  172  14:28  Pylon  
  172  14:30  Pylon  
  172  14:34  Pylon  
  172  14:35  Gateway  
  172  14:37  Gateway x2, Pylon  
  172  14:40  Gateway  
  172  14:41  Assimilator  
  172  14:42  Assimilator  
  172  14:44  Probe  
  172  14:45  Nexus  
  173  14:55  Immortal x3  
  131  15:22  Protoss Ground Weapons Level 3 (Chrono Boost)  
  89  15:54  Assimilator  
  85  15:57  Immortal  
  85  15:58  Immortal x2  
  85  15:59  Assimilator  
  85  16:04  Stalker x2, Protoss Ground Armor Level 3 (Chrono Boost)  
  97  16:05  Stalker x4  
  97  16:06  Stalker x5  
  97  16:07  Stalker x3  
  125  16:39  Stalker x2  
  129  16:40  Stalker x4  
  129  16:41  Stalker x4  
  145  16:50  Immortal  
  149  16:55  Probe  
  150  17:07  Probe  
  151  17:15  Immortal x2  
  159  17:18  Stalker  
  159  17:19  Stalker, Probe  
  164  17:31  Probe  
  151  18:12  Dark Templar x4  
  155  18:13  Dark Templar x5  
  155  18:14  Dark Templar x5  
  137  18:58  Stalker x3  
  137  18:59  Stalker x4  
  137  19:00  Stalker x4  
  137  19:01  Stalker x3  
Show
View Real Time Build Order
Export as new Build Order

ProjectPPP Zerg 

Build Orders: Hatch First 

Get SALT Encoding   

  12  0:01  Drone  
  13  0:10  Drone  
  14  0:30  Extractor  
  14  0:31  Extractor  
  14  0:33  Drone x3, Extractor  
  17  0:44  Overlord  
  17  0:59  Hatchery  
  16  1:04  Drone  
  16  1:06  Drone  
  16  1:09  Extractor  
  17  1:16  Drone  
  18  1:32  Spawning Pool  
  17  1:37  Drone  
  18  1:45  Drone  
  19  1:52  Overlord  
  19  1:59  Drone  
  20  2:11  Drone  
  20  2:13  Overlord  
  21  2:19  Queen  
  21  2:21  Queen  
  25  2:23  Metabolic Boost  
  25  2:27  Zergling x2  
  26  2:30  Drone  
  26  2:36  Zergling x2  
  28  2:39  Zergling x2  
  28  2:44  Zergling x2  
  30  2:45  Drone  
  31  2:59  Drone  
  31  3:02  Drone  
  33  3:07  Overlord  
  33  3:08  Baneling Nest  
  33  3:12  Drone  
  33  3:31  Zergling x2  
  33  3:32  Zergling x8  
  33  3:33  Zergling x8  
  33  3:34  Zergling x2  
  43  3:37  Lair  
  43  3:41  Overlord  
  43  3:51  Burrow  
  43  3:52  Drone x2  
  40  4:25  Zergling x8  
  40  4:26  Zergling x10  
  47  4:31  Roach Warren  
  47  4:34  Drone  
  46  4:39  Extractor  
  46  4:43  Evolution Chamber, Drone  
  41  4:59  Zergling x2  
  40  5:00  Zergling x6  
  40  5:01  Zergling x10, Pneumatized Carapace  
  40  5:06  Drone  
  49  5:10  Spore Crawler  
  48  5:24  Drone  
  49  5:29  Spire  
  48  5:37  Zergling x6  
  48  5:38  Zergling x4  
  53  5:44  Baneling x4  
  53  5:46  Baneling  
  53  5:49  Zergling x8  
  57  5:50  Drone  
  51  6:21  Zergling x8  
  51  6:22  Zergling x2  
  51  6:23  Zergling x6  
  55  6:27  Drone  
  53  6:33  Spore Crawler  
  53  6:34  Spore Crawler, Drone x3  
  50  6:40  Drone  
  50  6:41  Drone  
  50  6:43  Extractor  
  43  6:50  Roach x2  
  43  6:51  Roach  
  45  7:00  Roach  
  46  7:03  Roach  
  46  7:04  Roach x2  
  46  7:05  Glial Reconstitution  
  52  7:18  Overlord x2  
  52  7:39  Drone x4  
  52  7:42  Hatchery  
  55  7:48  Mutalisk  
  55  7:50  Mutalisk  
  59  7:51  Mutalisk  
  59  7:56  Drone  
  62  7:59  Drone x2  
  62  8:01  Drone  
  62  8:04  Drone  
  66  8:10  Zerg Ground Armor Level 1  
  66  8:18  Corruptor  
  68  8:23  Overlord  
  68  8:27  Overlord  
  68  8:45  Hatchery  
  68  8:46  Drone x4  
  71  8:52  Hydralisk Den  
  71  8:53  Zerg Flyer Weapons Level 1  
  70  8:56  Overlord  
  70  9:02  Drone  
  71  9:04  Overseer  
  71  9:07  Overseer  
  71  9:14  Drone  
  72  9:24  Corruptor  
  72  9:25  Corruptor  
  72  9:27  Drone  
  72  9:28  Drone  
  78  9:35  Drone  
  78  9:36  Drone x6  
  78  9:38  Extractor  
  84  9:43  Spore Crawler  
  84  9:44  Overlord  
  73  10:05  Drone  
  70  10:14  Hatchery  
  66  10:15  Drone x6  
  66  10:17  Queen  
  66  10:19  Drone  
  66  10:20  Drone x2  
  77  10:25  Spore Crawler  
  76  10:28  Spine Crawler  
  76  10:33  Zerg Melee Weapons Level 1  
  75  10:41  Drone x3  
  78  10:42  Evolution Chamber  
  78  10:44  Drone  
  78  10:45  Drone  
  79  10:55  Infestation Pit  
  79  10:56  Centrifugal Hooks  
  78  11:10  Drone  
  78  11:11  Queen, Drone x2  
  81  11:17  Corruptor  
  81  11:18  Corruptor x2  
  89  11:29  Drone x4  
  93  11:40  Zergling x6  
  93  11:41  Zergling x16  
  93  11:42  Zergling x2  
  93  11:44  Zergling x2  
  100  12:17  Hive  
  100  12:18  Hydralisk  
  100  12:19  Hydralisk x10  
  118  12:27  Zerg Missile Weapons Level 1, Drone  
  118  12:28  Drone x5  
  110  12:43  Zergling x6  
  113  12:54  Grooved Spines  
  113  12:57  Roach  
  113  12:58  Roach x5  
  125  13:00  Overlord  
  125  13:01  Overlord x5  
  125  13:02  Overlord  
  125  13:20  Zerg Melee Weapons Level 2  
  125  13:25  Zergling x2  
  125  13:26  Zergling x8  
  130  13:28  Adrenal Glands  
  130  13:30  Zergling x6  
  133  13:38  Drone  
  133  13:39  Drone x2  
  133  13:40  Extractor  
  135  13:41  Extractor  
  135  13:45  Drone  
  135  13:46  Drone x8  
  143  13:51  Spore Crawler  
  143  13:52  Spore Crawler  
  141  14:16  Ultralisk Cavern  
  140  14:20  Zergling x2  
  140  14:21  Zergling x22, Zerg Ground Armor Level 2  
  140  14:23  Zergling x12  
  158  14:28  Drone x2  
  158  14:29  Drone x6  
  166  14:36  Baneling x3  
  166  14:37  Baneling x3  
  166  14:40  Extractor  
  166  14:45  Extractor  
  147  15:17  Hydralisk  
  147  15:18  Hydralisk x11  
  157  15:27  Drone x2  
  133  15:36  Zerg Missile Weapons Level 2  
  133  15:39  Zergling x18  
  124  16:05  Ultralisk x2  
  124  16:06  Zergling x16  
  137  16:21  Zergling x6  
  137  16:22  Zergling x6  
  142  16:43  Overlord x2  
  142  16:47  Anabolic Synthesis  
  142  16:49  Zergling x2  
  142  16:50  Zergling x22  
  154  16:56  Roach  
  154  16:57  Roach x7  
  170  17:07  Zergling x10  
  170  17:08  Zergling x10  
  180  17:13  Overlord  
  180  17:16  Ultralisk  
  180  17:17  Ultralisk  
  189  17:44  Corruptor  
  189  17:45  Corruptor x4  
  198  17:54  Hatchery  
  194  18:17  Zergling x2  
  194  18:18  Zergling x12  
  149  18:31  Zergling x6  
  149  18:38  Hydralisk  
  149  18:39  Hydralisk x10  
  157  19:03  Ultralisk x5  
  180  19:20  Zergling x12  
  180  19:21  Zergling x6  
  180  19:22  Zergling x6  
  191  19:28  Nydus Network  
  191  19:29  Spore Crawler  
  189  19:31  Spore Crawler  
  189  19:35  Drone  
  189  19:36  Drone x2  
  189  19:41  Spore Crawler  
  189  19:43  Spine Crawler  
  189  19:44  Spine Crawler  
  181  19:46  Spore Crawler  
  181  19:48  Drone  
  181  19:52  Spore Crawler  
Show
View Real Time Build Order
Export as new Build Order

Alebay Protoss 

Build Orders: Blink Stalkers 

Get SALT Encoding   

  12  0:00  Probe  
  13  0:12  Probe  
  14  0:18  Pylon  
  14  0:24  Probe  
  15  0:34  Assimilator  
  15  0:36  Probe  
  16  0:48  Probe  
  17  1:02  Gateway, Probe  
  18  1:14  Probe  
  19  1:26  Probe  
  19  1:31  Assimilator  
  20  1:38  Probe  
  21  1:44  Nexus  
  21  1:50  Probe  
  21  1:52  Cybernetics Core  
  22  2:02  Probe  
  22  2:03  Pylon  
  23  2:21  Probe  
  24  2:23  Warp Gate (Chrono Boost)  
  24  2:31  Adept  
  24  2:33  Probe  
  27  2:37  Shield Battery  
  27  2:48  Probe  
  28  2:57  Probe  
  29  3:02  Stalker  
  31  3:08  Probe  
  31  3:10  Probe  
  33  3:17  Pylon  
  33  3:22  Twilight Council  
  33  3:24  Robotics Facility  
  33  3:25  Probe x2  
  35  3:37  Gateway, Probe x2  
  39  3:49  Probe x2  
  39  3:54  Blink (Chrono Boost)  
  39  3:56  Assimilator  
  39  4:01  Stalker, Probe  
  39  4:02  Probe  
  43  4:13  Probe  
  43  4:14  Probe  
  43  4:17  Gateway  
  45  4:18  Gateway  
  45  4:26  Probe x2  
  37  4:35  Stalker x2  
  21  5:00  Probe x2 (Chrono Boost)  
  21  5:06  Stalker  
  21  5:07  Stalker  
  26  5:10  Probe x2 (Chrono Boost)  
  28  5:16  Probe x2 (Chrono Boost)  
  30  5:28  Probe (Chrono Boost)  
  31  5:29  Probe (Chrono Boost)  
  31  5:34  Pylon  
  32  5:40  Probe (Chrono Boost)  
  32  5:41  Probe (Chrono Boost)  
  32  5:42  Stalker  
  36  5:49  Probe x2 (Chrono Boost)  
  38  6:00  Probe  
  38  6:01  Stalker, Probe  
  38  6:23  Adept x2  
  38  6:24  Adept x2  
  38  6:34  Probe x2  
  40  6:44  Adept x3  
  40  6:45  Adept  
  40  6:46  Probe x2  
  48  6:57  Assimilator  
  48  6:58  Probe x2  
  50  7:02  Forge  
  50  7:04  Forge  
  50  7:12  Adept x2  
  54  7:18  Pylon  
  54  7:20  Pylon  
  54  7:36  Probe x2  
  56  7:41  Pylon  
  56  7:43  Adept x3  
  56  7:44  Adept  
  64  7:49  Probe x2 (Chrono Boost)  
  66  7:57  Protoss Ground Weapons Level 1 (Chrono Boost)  
  67  8:00  Probe (Chrono Boost)  
  67  8:04  Protoss Ground Armor Level 1 (Chrono Boost), Probe x2 (Chrono Boost)  
  69  8:14  Probe (Chrono Boost)  
  70  8:21  Probe (Chrono Boost)  
  70  8:22  Probe (Chrono Boost)  
  70  8:24  Observer (Chrono Boost)  
  73  8:34  Pylon  
  73  8:35  Pylon  
  73  8:39  Probe x2  
  75  8:52  Pylon  
  75  8:56  Photon Cannon  
  75  8:57  Pylon  
  75  9:15  Photon Cannon  
  75  9:19  Adept x4  
  83  9:24  Gateway  
  83  9:26  Gateway  
  83  9:27  Gateway  
  83  9:34  Resonating Glaives (Chrono Boost)  
  83  9:44  Stalker x3  
  83  9:45  Stalker  
  91  10:01  Photon Cannon  
  91  10:05  Photon Cannon x2  
  91  10:08  Protoss Ground Weapons Level 2 (Chrono Boost)  
  91  10:09  Pylon  
  91  10:14  Stalker x3  
  93  10:16  Stalker  
  93  10:19  Protoss Ground Armor Level 2 (Chrono Boost)  
  99  10:31  Immortal  
  103  10:35  Nexus  
  103  10:37  Pylon  
  103  10:39  Pylon, Stalker x2  
  107  10:56  Stalker x4  
  115  11:21  Immortal  
  115  11:23  Stalker  
  115  11:24  Stalker  
  123  11:28  Stalker  
  123  11:30  Pylon  
  89  11:58  Cybernetics Core  
  89  12:00  Gateway  
  83  12:02  Gateway  
  83  12:03  Charge (Chrono Boost), Gateway  
  81  12:40  Stalker x2  
  85  12:46  Nexus  
  85  12:47  Pylon  
  85  12:49  Pylon  
  85  12:58  Protoss Ground Weapons Level 3 (Chrono Boost)  
  85  12:59  Protoss Ground Armor Level 3 (Chrono Boost)  
  85  13:08  Stalker x2  
  89  13:14  Stalker  
  89  13:15  Stalker  
  93  13:28  Probe x3  
  96  13:37  Stalker x3  
  96  13:40  Probe x3  
  95  14:12  Nexus  
  95  14:14  Shield Battery, Probe x2  
  95  14:15  Probe  
  98  14:20  Stalker x3  
  98  14:21  Stalker x3  
  98  14:22  Observer  
  98  14:24  Stalker x2  
  114  14:37  Assimilator  
  114  14:39  Assimilator  
  75  15:17  Zealot x3  
  75  15:18  Zealot x6  
  31  15:39  Zealot x4  
  31  15:40  Zealot  
  37  16:05  Zealot x3  
  37  16:09  Probe  
  44  16:24  Cybernetics Core  
  44  16:30  Zealot x3  
  44  16:31  Zealot x3  
  56  16:36  Nexus  
  56  16:39  Pylon, Nexus  
  56  16:41  Pylon  
  56  16:47  Photon Cannon  
  56  16:50  Photon Cannon  
  56  16:51  Zealot x3  
  56  16:52  Zealot x3  
  68  17:00  Pylon  
  68  17:01  Pylon  
  68  17:14  Probe x2  
  70  17:26  Probe x2  
  72  17:38  Zealot x3, Probe x2  
  72  17:39  Zealot x4  
  58  18:05  Zealot  
  58  18:06  Zealot x3  
  41  18:14  Probe x2  
  41  18:15  Probe  
  40  18:31  Probe x3  
Show
View Real Time Build Order
Export as new Build Order

PiPuxD Terran 

Build Orders: 2 Factory, Reaper Expand 

Get SALT Encoding   

  12  0:00  SCV  
  13  0:12  SCV  
  14  0:19  Supply Depot  
  14  0:24  SCV  
  15  0:40  SCV  
  15  0:41  Barracks  
  16  0:51  Refinery  
  16  0:52  SCV  
  17  1:04  SCV  
  18  1:16  SCV  
  19  1:33  Orbital Command  
  19  1:34  Reaper  
  20  1:54  Command Center  
  20  1:58  SCV  
  20  2:01  Supply Depot  
  21  2:05  Refinery  
  21  2:07  Barracks Reactor  
  21  2:10  SCV  
  22  2:23  SCV  
  23  2:35  SCV  
  24  2:39  Factory  
  24  2:43  Marine x2  
  26  2:47  SCV  
  27  3:01  Factory  
  27  3:02  Marine x2  
  27  3:05  Supply Depot  
  29  3:07  Orbital Command  
  29  3:09  SCV  
  30  3:21  SCV  
  31  3:33  SCV  
  32  3:40  Hellion x2  
  36  3:41  SCV  
  36  3:45  Barracks Tech Lab, SCV  
  36  3:46  Widow Mine  
  40  3:52  Supply Depot  
  40  3:54  SCV  
  41  3:57  SCV  
  41  4:02  Hellion x2  
  46  4:03  Starport  
  46  4:13  Barracks Reactor  
  46  4:22  Siege Tank  
  46  4:23  SCV  
  46  4:24  SCV  
  51  4:27  Supply Depot  
  51  4:30  Hellion x2  
  55  4:38  SCV x2  
  55  4:42  Supply Depot  
  53  4:55  Hellion x2  
  53  5:23  Siege Tank, Hellion x2  
  53  5:26  Liberator x2  
  53  5:27  SCV x2  
  68  5:30  Refinery  
  68  5:31  Refinery  
  68  5:34  Supply Depot  
  68  5:35  Supply Depot  
  68  5:39  SCV  
  68  5:40  SCV  
  70  5:44  Hellion x2  
  74  5:55  Siege Tank  
  77  5:58  Armory  
  77  6:00  Armory  
  77  6:02  Engineering Bay  
  77  6:06  SCV, Hellion x2  
  77  6:07  SCV  
  82  6:15  Infernal Pre-Igniter  
  81  6:20  SCV x2  
  83  6:27  Hellion x2  
  83  6:32  SCV x2  
  77  6:52  Siege Tank, Hellion  
  77  6:53  Hellion  
  79  7:03  SCV x2  
  81  7:13  Terran Vehicle Weapons Level 1, Terran Vehicle And Ship Armor Level 1  
  81  7:15  SCV x2, Hellion x2  
  87  7:16  Command Center  
  87  7:27  SCV  
  88  7:31  Liberator x2  
  94  7:50  Supply Depot  
  94  7:51  Supply Depot  
  94  7:55  SCV x2  
  94  7:57  Hellion x2  
  100  8:07  SCV x2  
  102  8:19  SCV x2  
  104  8:48  Siege Tank, Hellion x2  
  111  8:49  Orbital Command  
  111  8:54  SCV x2  
  113  9:06  SCV x2  
  115  9:10  Factory  
  115  9:14  Missile Turret, SCV  
  115  9:15  Missile Turret  
  116  9:18  SCV x2  
  116  9:19  Refinery  
  116  9:20  Hellion x2, Refinery  
  116  9:21  Terran Vehicle Weapons Level 2, Terran Vehicle And Ship Armor Level 2  
  122  9:26  SCV  
  123  9:35  Siege Tank  
  110  10:12  Siege Tank, Hellion x2  
  101  10:17  Missile Turret  
  101  10:21  Liberator x2  
  107  10:28  SCV x2  
  107  10:29  SCV  
  107  10:34  Factory, Factory Tech Lab  
  110  10:40  SCV  
  110  10:41  SCV x2  
  110  10:42  Missile Turret  
  113  10:45  Missile Turret  
  113  10:53  SCV  
  114  10:59  Thor x2  
  114  11:00  Hellion x2  
  130  11:04  Liberator x2  
  136  11:12  Supply Depot x2  
  136  11:16  SCV x3  
  136  11:17  Supply Depot  
  139  11:26  Command Center  
  139  11:28  SCV  
  128  12:05  Thor x2  
  131  12:17  Hellion x2  
  135  12:44  Terran Vehicle Weapons Level 3, Terran Vehicle And Ship Armor Level 3  
  135  12:48  Thor x2  
  135  12:50  Liberator x2  
  153  12:59  Hellion x2  
  157  13:11  Orbital Command  
  157  13:24  Refinery  
  157  13:26  Hellion x2, Factory Tech Lab  
  161  13:28  Refinery  
  161  13:31  Siege Tank x2  
  167  13:37  Supply Depot  
  167  13:38  Supply Depot  
  167  13:46  Siege Tank  
  170  14:03  Thor x2  
  182  14:12  Hellion x2  
  186  14:28  Liberator  
  186  14:29  Liberator, Fusion Core  
  192  14:40  Thor  
  198  14:53  Missile Turret  
  198  14:57  Missile Turret  
  97  15:31  Thor x3, Hellion x2  
  90  15:50  SCV x4  
  86  16:02  SCV x3  
  86  16:03  SCV  
  85  16:14  SCV  
  85  16:17  Siege Tank x2  
  85  16:18  Hellion x2, Siege Tank  
  97  16:22  Factory  
  97  16:23  Factory  
  99  16:26  Factory  
  99  16:43  Terran Ship Weapons Level 1  
  99  16:45  SCV x4  
  103  16:57  SCV x4  
  107  17:06  Factory Tech Lab x2  
  107  17:09  Factory Tech Lab  
  107  17:13  Siege Tank  
  107  17:14  Siege Tank x2  
  107  17:15  Hellion x2  
  120  17:33  Refinery  
  120  17:36  Siege Tank x2  
  126  17:37  Siege Tank  
  126  17:38  Hellion x2  
  133  17:54  Liberator  
  133  17:55  Liberator  
  133  17:57  Advanced Ballistics  
  139  18:03  Siege Tank x2, Hellion x2  
  139  18:04  Siege Tank  
  137  18:23  Siege Tank  
  91  18:34  Hellion x2  
  72  18:54  Thor x3  
  85  18:56  Hellion x2  
  81  19:13  SCV x3  
  84  19:19  Command Center  
  84  19:25  SCV  
Show
View Real Time Build Order
Export as new Build Order

MattBarry Zerg 

Build Orders: Hatch First 

Get SALT Encoding   

  12  0:00  Drone  
  13  0:16  Overlord  
  13  0:18  Drone  
  14  0:34  Drone x2  
  16  0:56  Hatchery  
  15  1:00  Drone x2  
  15  1:02  Drone  
  18  1:05  Extractor  
  17  1:20  Spawning Pool  
  17  1:23  Drone  
  18  1:25  Drone  
  18  1:35  Drone  
  19  1:47  Drone  
  20  1:57  Overlord  
  21  2:08  Zergling x2, Queen  
  21  2:09  Queen  
  21  2:14  Metabolic Boost  
  25  2:19  Zergling x2  
  26  2:25  Zergling x2, Drone  
  28  2:35  Drone  
  28  2:36  Drone  
  30  2:50  Drone x3  
  33  3:07  Drone  
  33  3:08  Drone x2  
  36  3:15  Overlord  
  36  3:24  Evolution Chamber  
  33  3:36  Drone x2  
  33  3:37  Drone x4  
  38  3:47  Drone  
  39  3:54  Roach Warren, Extractor  
  37  3:56  Lair  
  37  4:00  Queen  
  37  4:02  Drone x5  
  44  4:11  Zerg Melee Weapons Level 1  
  44  4:13  Overlord x3  
  44  4:32  Zergling x8  
  44  4:33  Drone  
  49  4:40  Evolution Chamber  
  49  4:41  Evolution Chamber  
  49  4:43  Extractor  
  49  4:44  Extractor  
  49  4:45  Spore Crawler  
  44  4:47  Spore Crawler  
  43  4:57  Drone x3  
  43  4:58  Drone x3  
  49  5:20  Drone x3  
  49  5:21  Drone x2  
  54  5:22  Drone x3  
  54  5:23  Drone  
  58  5:54  Hatchery  
  57  6:01  Queen  
  59  6:05  Spire  
  59  6:10  Nydus Network  
  57  6:13  Roach x3  
  57  6:14  Roach x2  
  57  6:15  Zerg Missile Weapons Level 1  
  57  6:16  Zerg Ground Armor Level 1, Overlord x3  
  57  6:17  Overlord  
  67  6:21  Drone  
  67  6:22  Hydralisk Den  
  67  6:24  Zergling x2  
  68  6:31  Overlord  
  68  6:39  Zergling x2  
  70  6:40  Zergling x2  
  69  6:53  Roach x3, Zergling x2  
  69  6:54  Zergling x4  
  77  6:56  Zerg Melee Weapons Level 2  
  77  7:06  Drone  
  78  7:10  Queen  
  80  7:26  Drone  
  80  7:28  Drone x2  
  81  7:41  Zergling x6  
  81  7:42  Zergling x4  
  81  7:49  Drone x3  
  81  7:50  Hydralisk x2, Drone x6  
  81  7:51  Hydralisk  
  91  7:53  Grooved Spines  
  91  7:57  Zerg Flyer Weapons Level 1  
  93  8:02  Infestation Pit  
  90  8:22  Overseer  
  86  8:39  Drone x2  
  86  8:40  Drone x8  
  96  8:51  Pneumatized Carapace  
  96  9:04  Muscular Augments  
  96  9:06  Hatchery  
  95  9:25  Hydralisk x4, Roach x2  
  107  9:36  Hatchery, Overlord x2  
  106  9:55  Hydralisk x3  
  106  9:56  Hydralisk  
  114  10:00  Spore Crawler  
  114  10:01  Spore Crawler  
  114  10:02  Hatchery  
  114  10:03  Spore Crawler  
  110  10:08  Spore Crawler  
  110  10:09  Spore Crawler  
  110  10:10  Drone x2  
  110  10:11  Spore Crawler  
  109  10:15  Zerg Flyer Weapons Level 2  
  109  10:20  Queen  
  111  10:37  Overlord  
  111  10:38  Overlord  
  111  10:59  Queen x2, Extractor  
  111  11:02  Extractor  
  113  11:04  Drone  
  113  11:05  Extractor, Drone x14  
  113  11:08  Extractor  
  126  11:27  Queen  
  126  11:29  Queen  
  126  11:31  Drone x4  
  126  11:32  Overlord x5  
  134  11:33  Hydralisk  
  136  11:42  Hydralisk x5  
  146  11:59  Zerg Missile Weapons Level 2  
  146  12:00  Zerg Ground Armor Level 2  
  145  12:02  Queen  
  145  12:23  Hive  
  139  12:37  Drone  
  139  12:38  Drone x10  
  150  12:48  Spore Crawler  
  150  12:49  Spore Crawler  
  148  12:52  Spore Crawler  
  145  13:18  Drone x3  
  145  13:19  Overlord x2  
  148  13:22  Corruptor x2  
  148  13:23  Corruptor x8  
  148  13:24  Corruptor x2  
  172  13:30  Spire  
  171  13:36  Adrenal Glands  
  171  13:39  Zerg Melee Weapons Level 3  
  171  14:17  Greater Spire  
  171  14:19  Zerg Missile Weapons Level 3  
  171  14:20  Zerg Ground Armor Level 3  
  171  14:37  Corruptor x4  
  137  14:55  Overseer x3  
  137  14:56  Overseer  
  137  15:05  Hydralisk  
  137  15:06  Hydralisk x20  
  137  15:07  Hydralisk x11  
  195  15:36  Hydralisk x2  
  195  15:43  Hydralisk  
  195  15:44  Hydralisk  
  189  16:23  Brood Lord  
  189  16:24  Brood Lord x4  
  141  17:43  Corruptor x7  
  141  17:44  Corruptor x8  
  121  17:45  Corruptor x4  
  121  17:46  Corruptor  
  121  17:47  Corruptor  
  137  18:14  Hydralisk  
  137  18:15  Hydralisk x10  
  159  18:21  Brood Lord  
  159  18:24  Hydralisk  
  163  18:45  Hydralisk x5  
  163  18:48  Overlord x2  
  147  19:03  Hydralisk x4  
  151  19:15  Hydralisk x4  
  124  19:35  Overlord  
  124  19:36  Overlord x4  
Tags
 
Add a new tag
Caveats
  • Supply blocks, unpowered buildings, or Contaminate may cause inaccurate times.
  • Supply counts are checked every 10 seconds.